AoeStats
← stinkelton7

Black Forest

510550812Analyzed
4v4 RM · 1d ago on Oct 1, 2026· 48m 2s· 8 players
Game mode
Random Map
Map size
Large (8 player)
Population
200
Speed
Normal
Resources
Standard
Victory
Conquest
Starting age
Dark Age
Ending age
Imperial Age
RankedLock teamsTeams togetherTeam positionsShared explorationLock speedFull tech treeHidden civsTurbo modeCheats
Victory
Defeat
🇨🇳 Teutons · China
713
+17
🇺🇸 Romans · United States
657
+19
🇩🇪 Wei · Germany
622
+20
🇨🇳 Celts · China
603
+21
🇮🇩 Varangians · Indonesia
818
-22
🇮🇩 Persians · Indonesia
746
-20
🇨🇳 Vietnamese · China
677
-18
🇮🇩 Bohemians · Indonesia
660
-17
stinkelton7
1:15 Loom
12:06 Feudal Age
20:07 Castle Age
18:45 Double-Bit Axe
20:49 Bloodlines
23:27 Horse Collar
24:08 Heavy Plow
26:19 Bow Saw
33:30 Imperial Age
31:41 Wheelbarrow
32:10 Murder Holes
32:29 Fortified Wall
32:49 Town Watch
33:40 Scale Barding Armor
33:46 Forging
35:29 Conscription
37:08 Hand Cart
37:50 Ming Guang Armor
39:36 Chain Barding Armor
39:10 Gold Mining
41:23 Chemistry
41:07 Iron Casting
42:15 Elite Tiger Cavalry
46:36 Blast Furnace
w__tiger
0:39 Loom
13:56 Feudal Age
17:50 Castle Age
19:26 Double-Bit Axe
21:47 Stone Mining
22:01 Gold Mining
33:23 Imperial Age
34:34 Wheelbarrow
34:45 Bow Saw
34:34 Fletching
34:45 Padded Archer Armor
35:13 Conscription
35:14 Furor Celtica
36:19 Chemistry
35:39 Ballistics
35:07 Onager
38:47 Hoardings
38:21 Siege Engineers
38:28 Masonry
38:15 Murder Holes
38:31 Fortified Wall
38:04 Siege Onager
38:50 Horse Collar
38:52 Elite Woad Raider
39:59 Guard Tower
39:58 Arrowslits
41:23 Bodkin Arrow
41:44 Leather Archer Armor
41:29 Scale Mail Armor
41:40 Forging
41:50 Hand Cart
41:21 Town Watch
41:24 Pikeman
41:54 Halberdier
44:47 Gold Shaft Mining
44:47 Stone Shaft Mining
46:51 Keep
46:48 Ring Archer Armor
46:34 Chain Mail Armor
46:54 Iron Casting
46:26 Scale Barding Armor
seven
10:26 Feudal Age
10:52 Double-Bit Axe
17:57 Castle Age
17:16 Stone Mining
18:47 Bow Saw
20:19 Stone Shaft Mining
21:55 Gold Mining
22:31 Horse Collar
27:09 Heavy Plow
28:56 Wheelbarrow
28:12 Town Watch
29:44 Ironclad
30:39 Town Patrol
32:53 Hand Cart
38:01 Imperial Age
36:54 Forging
36:45 Scale Mail Armor
38:45 Iron Casting
39:34 Capped Ram
41:06 Conscription
41:08 Crenellations
40:13 Elite Teutonic Knight
43:19 Two-Man Saw
42:30 Arson
42:46 Squires
42:09 Pikeman
43:08 Chain Mail Armor
43:54 Blast Furnace
43:26 Crop Rotation
42:46 Halberdier
44:47 Plate Mail Armor
CHINOMIN
0:33 Loom
18:24 Feudal Age
21:38 Man-at-Arms
22:03 Horse Collar
22:14 Double-Bit Axe
27:15 Castle Age
27:05 Forging
26:56 Scale Mail Armor
26:47 Fletching
27:03 Scale Barding Armor
28:00 Long Swordsman
28:41 Squires
29:38 Iron Casting
29:19 Chain Mail Armor
29:07 Caravan
31:15 Wheelbarrow
35:00 Imperial Age
36:25 Hand Cart
37:31 Heavy Plow
38:41 Legionary
39:31 Town Watch
40:56 Conscription
41:04 Bow Saw
41:46 Town Patrol
42:52 Blast Furnace
41:48 Bodkin Arrow
42:14 Chain Barding Armor
43:55 Ballistics
43:31 Murder Holes
+62 | Farhan
2:51 Loom
Ermour
3:47 Loom
11:29 Feudal Age
16:13 Castle Age
18:07 Double-Bit Axe
20:29 Horse Collar
25:06 Heavy Plow
31:05 Imperial Age
30:21 Bow Saw
33:30 Chemistry
32:51 Ballistics
31:56 Onager
36:33 Theocracy
36:29 Town Watch
37:19 Wheelbarrow
37:25 Citadels
37:39 Conscription
37:20 Kamandaran
38:46 Caravan
39:26 Town Patrol
41:08 Hand Cart
40:48 Elite War Elephant
42:04 Hoardings
40:59 Sappers
43:20 Devotion
863111034
Lord Indranov
13:11 Feudal Age
13:21 Loom
14:41 Double-Bit Axe
14:40 Horse Collar
23:45 Castle Age
23:57 Pikeman
24:39 Squires
27:29 Arson
28:50 Scale Mail Armor
38:59 Imperial Age
38:52 Fortified Wall
39:42 Chemistry
42:57 Halberdier
44:11 Arrowslits
44:47 Ballistics
Connection lost

Rejoining the realm…

Still unreachable

The connection could not be restored.

Session expired

The server has moved on; the page needs a fresh start.